 Dungeon Crawl Stone Soup version 0.18.1-5-g4a78601 (webtiles) character file.

30766 LORDOFBUTT the Nimble (level 13, 0/153 (154) HPs)
             Began as a Demonspawn Berserker on May 9, 2016.
             Was a High Priest of Trog.
             Succumbed to a spiny frog's poison
             ... on level 5 of the Lair of Beasts.
             The game lasted 00:29:57 (15515 turns).

LORDOFBUTT the Nimble (Demonspawn Berserker)       Turns: 15515, Time: 00:29:57

HP:   0/153 (154)   AC: 18    Str: 27    XL:     13   Next: 22%
MP:   2/4           EV: 21    Int:  9    God:    Trog [*****.]
Gold: 801           SH:  5    Dex: 21    Spells: 0 memorised, 12 levels left

rFire  . . .     SeeInvis .     D - +3 double sword (antimagic)
rCold  + . .     Gourm    .     u - +2 ring mail
rNeg   + . .     Faith    .     (no shield)
rPois  .         Spirit   +     (helmet restricted)
rElec  .         Dismiss  .     h - +2 cloak
rCorr  .         Reflect  +     t - +2 pair of gloves
SustAt .         Harm     .     M - +2 pair of boots
MR     .....                    X - +5 amulet of reflection
Stlth  ..........               d - ring of positive energy
                                n - +4 ring of strength

@: berserking (expiring), lethally poisoned (0 -> -6), very quick, not resistant
to hostile enchantments, extremely unstealthy
A: horns 1, talons 2, thin skeletal structure 2, cold resistance 1, magic
shield, magic regeneration, freezing cloud immunity
a: Berserk, Trog's Hand, Brothers in Arms, Burn Spellbooks, Renounce Religion


You were on level 5 of the Lair of Beasts.
You worshipped Trog.
Trog was extremely pleased with you.
You were not hungry.

You visited 2 branches of the dungeon, and saw 17 of its levels.

You collected 1038 gold pieces.
You spent 237 gold pieces at shops.

Inventory:

Hand Weapons
 D - a +3 antimagic double sword (weapon)
 V - the +7 long sword of Sloth {slice, rElec Int+3}
   (Trog gifted it to you on level 2 of the Lair of Beasts)

   It inflicts extra damage upon your enemies.
   It affects your intelligence (+3).
   It insulates you from electricity.
 Y - a +5 trident of protection
Missiles
 z - 7 needles of sleeping
Armour
 h - a +2 cloak (worn)
 s - a +1 helmet
 t - a +2 pair of gloves (worn)
 u - a +2 ring mail (worn)
 M - a +2 pair of boots (worn)
Jewellery
 d - a ring of positive energy (right hand)
 j - an uncursed ring of protection from magic
 n - a +4 ring of strength (left hand)
 p - an uncursed ring of protection from magic
 S - a +2 amulet of reflection
 X - a +5 amulet of reflection (around neck)
Wands
 a - a wand of slowing (17/48)
 y - a wand of iceblast (7/15)
 I - a wand of flame (24/48)
 K - a wand of teleportation (5/9)
 U - a wand of flame (28/48)
 W - a wand of iceblast (8/15)
 Z - a wand of acid (5/15)
Scrolls
 r - 6 scrolls of teleportation
 v - a scroll of fog
 w - 5 scrolls of identify
 x - 4 scrolls of remove curse
 C - 3 scrolls of amnesia
 F - a scroll of recharging
 J - a scroll of torment {unknown}
 L - a scroll of blinking
 N - 2 scrolls of summoning
Potions
 b - a potion of invisibility
 e - 4 potions of lignification
 f - 4 potions of curing
 g - 2 potions of haste
 i - a potion of flight {unknown}
 k - 2 potions of ambrosia
 l - 2 potions of cure mutation
 m - 2 potions of cancellation
 o - 4 potions of magic
 q - 3 potions of brilliance
 A - 3 potions of agility
 B - 2 potions of berserk rage
 P - a potion of might
 Q - 3 potions of heal wounds
Books
 G - a book of Conjurations

   Spells                             Type                      Level
   a - Magic Dart                     Conjuration                  1
   b - Searing Ray                    Conjuration                  2
   c - Dazzling Spray                 Conjuration/Hexes            3
   d - Fulminant Prism                Conjuration/Hexes            4
   e - Iskenderun's Mystic Blast      Conjuration                  4
   f - Iskenderun's Battlesphere      Conjuration/Charms           5
   Trog disapproves of the use of such an item.
 H - a book of Debilitation

   Spells                             Type                      Level
   a - Corona                         Hexes                        1
   b - Slow                           Hexes                        2
   c - Gell's Gravitas                Hexes/Translocation          3
   d - Inner Flame                    Hexes/Fire                   3
   e - Cause Fear                     Hexes                        4
   f - Leda's Liquefaction            Hexes/Earth                  4
   Trog disapproves of the use of such an item.
Comestibles
 c - 5 bread rations
 E - 4 meat rations
 R - 7 fruits
 T - a royal jelly


   Skills:
 + Level 10.2 Fighting
 * Level 7.3 Long Blades
 - Level 10.6 Polearms
 + Level 7.7 Armour
 + Level 10.7 Dodging
 + Level 6.5 Stealth


You had 12 spell levels left.
You didn't know any spells.

Dungeon Overview and Level Annotations

Branches:
Dungeon (12/15)            Temple (0/1) D:4            Lair (5/8) D:11
  Swamp (0/4) Lair:4        Snake (0/4) Lair:5          Orc (0/2) D:9

Altars:
Cheibriados
Fedhas
Kikubaaqudgha
Pakellas
Ru
Yredelemnul
Zin

Shops:
D:4 %   D:5 [%[=}


Innate Abilities, Weirdness & Mutations

You have razor-sharp toenails.
You have a moderately thin skeletal structure (Dex +4, Stealth+).
Your flesh is cold resistant.
When hurt, damage is shared between your health and your magic reserves.
You regenerate magic rapidly.
You are immune to freezing clouds.
You have a pair of small horns on your head.


Message History

The yak misses you. You block the yak's attack.
The spiny frog closely misses you. The yak closely misses you.
The yak gores you but does no damage.
You hit the spiny frog. You headbutt the spiny frog.
The spiny frog is severely wounded.
The yak gores you!
* * * LOW HITPOINT WARNING * * *
You block the yak's attack. The spiny frog stings you.
* * * LOW HITPOINT WARNING * * *
You are poisoned.
The spiny frog poisons you! The yak gores you but does no damage.
The yak gores you!
* * * LOW HITPOINT WARNING * * *
You slash the spiny frog! You headbutt the spiny frog.
You kill the spiny frog!
Trog accepts your kill.
* * * LOW HITPOINT WARNING * * *
You feel sick. The yak gores you but does no damage.
The yak closely misses you.
You die...

#####.............##..#
.P.#...............P..##
........................
........................
........................
........................
......................!.
..............YY@.......
...##...........Y....#..
.#####.........YY.####
## #............# ##.. #
#...........#.# ...
##.........#### #..
#.........P# #P.
#..........# #..
##.........## #P.


You could see 5 yaks.

Vanquished Creatures
  Harold (Lair:1)
  3 hydras
  A hill giant (D:11)
  A cyclops (D:11)
  2 ugly things
  6 elephants (Lair:5)
  11 spiny frogs
  2 rime drakes
  8 komodo dragons
  A troll (D:11)
  A polar bear (Lair:1)
  2 two-headed ogres (D:11)
  Sigmund (D:5)
  A basilisk (Lair:1)
  2 wraiths
  29 yaks
  2 hippogriffs
  The ghost of Iamsock the Skirmisher, an amateur DsFi (D:4)
  3 hungry ghosts
  Edmund (D:4)
  3 nagas (Lair:5)
  8 water moccasins
  4 swamp worms (Lair:4)
  Duvessa (D:5)
  5 porcupines
  4 black bears
  7 orc warriors
  2 ice beasts
  A necrophage (D:6)
  2 phantoms
  4 ogres
  2 sky beasts
  2 wasps
  9 wolves
  9 centaurs
  5 crocodiles
  A big kobold (D:9)
  6 giant frogs
  A gnoll sergeant (D:9)
  Dowan (D:5)
  5 scorpions
  15 killer bees
  3 wights (D:11)
  3 howler monkeys (D:9)
  2 electric eels
  3 centaur zombies
  5 crimson imps
  2 giant frog zombies
  A quasit (D:10)
  6 hounds
  3 jellies
  11 orc priests
  3 giant frog skeletons
  Jessica (D:2)
  9 iguanas
  11 orc wizards
  12 worker ants
  12 sheep
  A hound zombie (D:4)
  2 hound skeletons
  2 worker ant zombies
  6 gnolls (D:9)
  12 adders
  31 river rats
  An ooze (D:1)
  A worm zombie (D:5)
  3 adder zombies
  3 worms (D:3)
  2 dart slugs
  5 giant geckos
  57 orcs
  4 ball pythons
  2 bat zombies (D:2)
  6 giant cockroaches
  9 goblins
  5 hobgoblins
  6 jackals (D:9)
  16 kobolds
  6 quokkas
  15 bats
  7 giant newts
  3 jackal skeletons (D:4)
  A quokka skeleton (D:4)
  2 quokka zombies
  4 rats
  A fungus (D:8)
476 creatures vanquished.

Vanquished Creatures (collateral kills)
  A hydra (Lair:3)
  An unseen horror (D:10)
  A blink frog (D:11)
  3 yaks (D:11)
  6 river rats (Lair:3)
  An orc (D:11)
  A quokka (D:11)
14 creatures vanquished.

Vanquished Creatures (others)
  2 fungi
2 creatures vanquished.

Grand Total: 492 creatures vanquished

Notes
Turn   | Place    | Note
--------------------------------------------------------------
     0 | D:1      | LORDOFBUTT the Demonspawn Berserker began the quest for the Orb.
     0 | D:1      | Reached XP level 1. HP: 18/18 MP: 1/1
   167 | D:1      | Gained mutation: When hurt, damage is shared between your health and your magic reserves. [demonic ancestry]
   167 | D:1      | Reached XP level 2. HP: 17/24 MP: 2/2
   602 | D:2      | Reached ** piety under Trog
   602 | D:2      | Reached XP level 3. HP: 13/29 MP: 1/3
   644 | D:2      | Noticed Jessica
   652 | D:2      | Killed Jessica
   655 | D:2      | HP: 2/43 [kobold/short sword (5)]
  1116 | D:2      | Gained mutation: You regenerate magic rapidly. [demonic ancestry]
  1116 | D:2      | Reached XP level 4. HP: 32/37 MP: 4/4
  1216 | D:2      | Found an ancient bone altar of Kikubaaqudgha.
  1501 | D:3      | Found an oddly glowing altar of Pakellas.
  2017 | D:3      | Reached *** piety under Trog
  2017 | D:3      | Gained mutation: You have sharp toenails. [demonic ancestry]
  2017 | D:3      | Reached XP level 5. HP: 29/42 MP: 5/5
  2188 | D:4      | Noticed an ogre
  2207 | D:4      | Killed an ogre
  2207 | D:4      | Gained mutation: You have a somewhat thin skeletal structure (Dex +2, Stealth). [demonic ancestry]
  2207 | D:4      | Reached XP level 6. HP: 21/49 MP: 3/6
  2235 | D:4      | Found a staircase to the Ecumenical Temple.
  2559 | D:4      | Found Wublil's Food Shop.
  2603 | D:4      | Reached skill level 5 in Fighting
  2603 | D:4      | Gained mutation: You have razor-sharp toenails. [demonic ancestry]
  2603 | D:4      | Reached XP level 7. HP: 34/56 MP: 7/7
  2741 | D:4      | Noticed Iamsock's ghost (amateur DsFi)
  2752 | D:4      | Killed Iamsock's ghost
  2927 | D:4      | Found a snail-covered altar of Cheibriados.
  3082 | D:5      | Entered Level 5 of the Dungeon
  3082 | D:5      | Noticed Duvessa
  3082 | D:5      | Noticed Dowan
  3084 | D:5      | Noticed Edmund
  3090 | D:5      | Killed Duvessa
  3090 | D:5      | Reached XP level 8. HP: 49/64 MP: 5/8
  3098 | D:5      | Killed Dowan
  3098 | D:5      | Reached skill level 1 in Long Blades
  3139 | D:4      | Killed Edmund
  3344 | D:5      | Reached skill level 5 in Dodging
  3432 | D:5      | Found Qiakal's Armour Boutique.
  3475 | D:5      | Found Nuurchor's Food Boutique.
  3506 | D:5      | Found Aquozet's Jewellery Boutique.
  3580 | D:5      | Reached **** piety under Trog
  3790 | D:5      | Found Ibofria's Antique Armour Boutique.
  3834 | D:5      | Reached skill level 1 in Stealth
  3895 | D:5      | Noticed Sigmund
  4170 | D:5      | Killed Sigmund
  4170 | D:5      | Reached XP level 9. HP: 71/71 MP: 9/9
  4185 | D:5      | Found Fuih's Gadget Boutique.
  4402 | D:6      | Reached skill level 5 in Armour
  4999 | D:6      | Found a glowing silver altar of Zin.
  5128 | D:7      | Found a sacrificial altar of Ru.
  5941 | D:7      | Gained mutation: You have a pair of small horns on your head. [potion of beneficial mutation]
  5967 | D:7      | Reached skill level 5 in Long Blades
  6400 | D:8      | Gained mutation: You have a moderately thin skeletal structure (Dex +4, Stealth+). [demonic ancestry]
  6400 | D:8      | Reached XP level 10. HP: 78/78 MP: 10/10
  6496 | D:8      | Reached ***** piety under Trog
  6657 | D:8      | Received a gift from Trog
  6785 | D:8      | Found a blossoming altar of Fedhas.
  7282 | D:9      | Reached skill level 5 in Polearms
  7315 | D:9      | Found a staircase to the Orcish Mines.
  7890 | D:9      | Found a basalt altar of Yredelemnul.
  8128 | D:10     | Entered Level 10 of the Dungeon
  8429 | D:10     | Killed an unseen horror
  8755 | D:10     | Gained mutation: Your flesh is cold resistant. [demonic ancestry]
  8755 | D:10     | Reached XP level 11. HP: 82/85 MP: 11/11
  9205 | D:11     | Found a staircase to the Lair.
  9205 | D:11     | Noticed a hill giant
  9213 | D:11     | Received a gift from Trog
  9216 | D:11     | Killed a hill giant
  9569 | D:11     | Noticed a red ugly thing
  9580 | D:11     | Killed a red ugly thing
  9793 | D:12     | Noticed a brown ugly thing
  9807 | D:12     | Killed a brown ugly thing
  9919 | Lair:1   | Entered Level 1 of the Lair of Beasts
  9951 | Lair:1   | Noticed Harold
  9972 | Lair:1   | Killed Harold
 10042 | Lair:1   | Noticed a five-headed hydra
 10052 | Lair:1   | Killed a five-headed hydra
 10252 | Lair:1   | Noticed an eight-headed hydra
 10266 | Lair:1   | Killed an eight-headed hydra
 10266 | Lair:1   | Reached XP level 12. HP: 68/94 MP: 9/12
 10789 | Lair:2   | Reached skill level 5 in Stealth
 11476 | Lair:2   | Got a smoking scale mail
 11487 | Lair:2   | Identified the +3 scale mail of the Commoners {Regen+ rCorr Dex-5} (You found it on level 2 of the Lair of Beasts)
 11506 | Lair:2   | Received a gift from Trog
 11509 | Lair:2   | Got a transparent long sword {god gift}
 11510 | Lair:2   | Identified the +7 long sword of Sloth {slice, rElec Int+3} (Trog gifted it to you on level 2 of the Lair of Beasts)
 11693 | D:5      | Bought a jewelled chain mail for 237 gold pieces
 11703 | D:5      | Identified the +0 chain mail of the Imp {MP-9 Int+7} (You bought it in a shop on level 5 of the Dungeon)
 12509 | Lair:3   | Reached skill level 10 in Dodging
 12841 | Lair:3   | Noticed a four-headed hydra
 12854 | Lair:3   | Killed a five-headed hydra
 13924 | Lair:4   | Reached skill level 10 in Polearms
 14202 | Lair:4   | Found a staircase to the Swamp.
 14707 | Lair:5   | Noticed a four-headed hydra
 14725 | Lair:5   | Killed a four-headed hydra
 14725 | Lair:5   | Reached skill level 10 in Fighting
 14811 | Lair:5   | Found a sacrificial altar of Ru.
 14882 | Lair:5   | Gained mutation: You are immune to freezing clouds. [demonic ancestry]
 14882 | Lair:5   | Reached XP level 13. HP: 85/102 MP: 13/13
 14932 | Lair:5   | Received a gift from Trog
 15014 | Lair:5   | Found a staircase to the Snake Pit.
 15346 | Lair:5   | Received a gift from Trog
 15513 | Lair:5   | HP: 2/153 [yak (8)]
 15515 | Lair:5   | Succumbed to a spiny frog's poison

Skill      XL: |  1  2  3  4  5  6  7  8  9 10 11 12 |
---------------+-------------------------------------+-----
Dodging        | 2 3 4 6 7 8 9 10 | 10.7
Armour         | 2 3 4 5 6 7 |  7.7
Polearms       | 3 4 6 9 10 | 10.6
Fighting       | 4 5 6 7 8 9 10 | 10.2
Long Blades    | 2 5 6 7 |  7.3
Stealth        | 1 2 3 4 6 |  6.5

Action                   |  1- 3 |  4- 6 |  7- 9 | 10-12 | 13-15 || total
-------------------------+-------+-------+-------+-------+-------++-------
Melee: Spear             |   125 |   193 |       |       |       ||   318
       Kick              |       |    33 |   132 |   167 |       ||   332
       Trident           |       |    61 |    67 |   305 |    99 ||   532
       Long sword        |       |       |   309 |   178 |       ||   487
       Headbutt          |       |       |     9 |   287 |    45 ||   341
       Halberd           |       |       |       |   486 |       ||   486
       Great sword       |       |       |       |    22 |       ||    22
       Double sword      |       |       |       |       |    54 ||    54
Invok: Berserk           |     1 |     4 |     9 |    13 |     3 ||    30
       Trog's Hand       |       |       |     1 |       |       ||     1
       Burn Spellbooks   |       |       |       |     2 |       ||     2
       Brothers in Arms  |       |       |       |     4 |       ||     4
  Use: Scroll            |    10 |     8 |     5 |    16 |       ||    39
       Potion            |       |       |     3 |       |       ||     3
 Stab: Sleeping          |     2 |       |     6 |    46 |     3 ||    57
       Distracted        |       |       |       |     4 |       ||     4
  Eat: Meat ration       |     1 |     1 |     2 |     4 |       ||     8
       Pizza             |       |     1 |       |     1 |       ||     2
       Bread ration      |       |       |     3 |     2 |       ||     5
       Chunk             |       |       |       |     8 |       ||     8
       Beef jerky        |       |       |       |     4 |     4 ||     8
       Fruit             |       |       |       |     3 |       ||     3
Armor: Animal skin       |    21 |    12 |       |       |       ||    33
       Ring mail         |       |    63 |   160 |   345 |    77 ||   645
       Scale mail        |       |       |       |     1 |       ||     1
Dodge: Dodged            |    70 |   149 |   352 |   895 |   207 ||  1673
Block: Other             |       |       |       |    32 |    50 ||    82
       Reflection        |       |       |       |       |     1 ||     1
